 Dungeon Crawl Stone Soup version 0.29-a0-700-g2f1814c7b2 (webtiles) character file.

Game seed: 9891752776761762328

21 NateTC the Shooter (level 2, 15/15 HPs)
             Began as a Spriggan Hunter on June 26, 2022.
             Was a Follower of Vehumet.
             Quit the game on level 1 of the Dungeon on Jan 18, 2023.
             The game lasted 00:03:41 (517 turns).

NateTC the Shooter (Spriggan Hunter)                 Turns: 517, Time: 00:03:42

Health: 15/15      AC:  2    Str:  7    XL:     2   Next: 62%
Magic:  3/3        EV: 18    Int: 10    God:    Vehumet [*.....]
Gold:   37         SH:  0    Dex: 18    Spells: 1/1 levels left

rFire   . . .      SeeInvis +   a - +1 shortbow
rCold   . . .      Faith    .   (shield currently unavailable)
rNeg    . . .      Spirit   .   b - +0 robe
rPois   .          Reflect  .   (helmet restricted)
rElec   .          Harm     .   (no cloak)
rCorr   .          Rampage  .   (gloves unavailable)
Will    .....                   (boots unavailable)
Stlth   ++........              (no amulet)
HPRegen 0.05/turn               (no ring)
MPRegen 0.08/turn               (no ring)

@: very quick
A: very small, no large weapons, unfitting armour, see invisible, speed 3
a: Renounce Religion


You were on level 1 of the Dungeon.
You worshipped Vehumet.
Vehumet was aware of your devotion.
You visited 1 branch of the dungeon, and saw 1 of its levels.

You collected 37 gold pieces.

Inventory:

Hand Weapons
 a - a +1 shortbow (weapon)
Armour
 b - a +0 robe (worn)
Scrolls
 c - a scroll of immolation
 d - a scroll of silence {unknown}
 f - a scroll of brand weapon {unknown}
Potions
 e - 3 potions of degeneration {unknown}
 g - a potion of resistance {unknown}


   Skills:
 - Level 1.8 Fighting
 * Level 5.1 Bows
 + Level 3.1 Dodging
 + Level 2.5 Stealth


You had one spell level left.
You didn't know any spells.
Your spell library was empty.

Dungeon Overview and Level Annotations

Branches:
Dungeon (1/15) Zot: 5661

Altars:
Vehumet


Innate Abilities, Weirdness & Mutations

You are very small and have problems with some larger weapons.
You are too small for most types of armour.
You have supernaturally acute eyesight. (SInv)
You cover ground extremely quickly. (Speed+++)


Message History

Found a leather armour.
There is an open door here.
You see here a +0 leather armour.
Found an escape hatch in the floor.
You open the door.
A frilled lizard comes into view.
The frilled lizard hisses angrily.
There is an open door here.
You shoot an arrow. The arrow hits the frilled lizard.
You kill the frilled lizard!
Vehumet accepts your kill.
No target in view!
A ball python comes into view.
The ball python hisses angrily.
You shoot an arrow. The arrow hits the ball python!
You kill the ball python!
Vehumet accepts your kill.
No target in view!
You see here a ball python corpse.
No target in view!
There is an open door here.
There is an open door here.
Things that are here:
a +0 dagger; 2 stones; a kobold corpse
There is an open door here.
As you open the door, it creaks loudly!
You see here 4 stones.
You see here a rat corpse.
There is an open door here.
You open the door.
There is an open door here.
Done exploring.
Done exploring.
Done exploring.
Okay, then.
Welcome back, NateTC the Spriggan Hunter.
Vehumet says: Let it end in hellfire!
Press ? for a list of commands and other information.
Unknown command.
Are you sure you want to abandon this character and quit the game? (Confirm with "yes".)

#.#.......§.#.# #
#.#.........#.# #
#.#≈.......≈#.# #
#.#≈.≈...≈§≈#.###
#.#≈.≈...§§≈#....
##.#≈.......≈#....
#..#.........#####
#.##.........#
#@##.........#
#.#####'''#### #.#
#8...8# #.#
#.....# #.#
#....## #.# #)####
#.# #.# #.# #.#
#.####.########


There were no monsters in sight!

Vanquished Creatures
  2 dart slugs (D:1)
  3 endoplasms (D:1)
  A goblin (D:1)
  4 ball pythons (D:1)
  A bat (D:1)
  3 frilled lizards (D:1)
  3 kobolds (D:1)
  2 rats (D:1)
19 creatures vanquished.

Notes
Turn   | Place    | Note
-------+----------+-------------------------------------------
     0 | D:1      | NateTC the Spriggan Hunter began the quest for the Orb.
     0 | D:1      | Reached XP level 1. HP: 10/10 MP: 2/2
   132 | D:1      | Found a faded altar of an unknown god.
   139 | D:1      | Prayed at the altar of an unknown god.
   139 | D:1      | Became a worshipper of Vehumet
   139 | D:1      | Reached * piety under Vehumet
   139 | D:1      | Offered knowledge of Sandblast by Vehumet.
   179 | D:1      | Reached XP level 2. HP: 15/15 MP: 3/3
   182 | D:1      | Reached skill level 5 in Bows
   517 | D:1      | Quit the game

Illustrated notes

Levels and vault maps discovered:
D:1:      scummos_arrival_gate, layout_basic, chequers_ecumenical_altar_grove,
          minmay_misc_feat_nine_boxes, serial_bayou_pond_d

Skill      XL: |  1  2 |
---------------+-------+-----
Stealth        | 2 |  2.5
Dodging        | 3 |  3.1
Bows           | 5 |  5.1
Fighting       | |  1.8

Action                   || total
-------------------------++-------
 Fire: Shortbow          ||    29
Dodge: Dodged            ||    12

Table legend: (Time is in decaauts)
 A = Elapsed time spent in this place.
 B = Non-inter-level travel time spent in this place.
 C = Inter-level travel time spent in this place.
 D = Time resting spent in this place.
 E = Time spent auto-exploring this place.
 F = Levels seen in this place.
 G = Mean time per level.
                   A        B        C        D        E       F      G
               +--------+--------+--------+--------+--------+-----+--------+
         Total |    338 |    338 |      0 |      0 |     88 |   1 |  338.0 |
       Dungeon |    338 |    338 |      0 |      0 |     88 |   1 |  338.0 |
               +--------+--------+--------+--------+--------+-----+--------+

Top non-repeatable levels by time:
     D:1: 338 daAuts
